 Dungeon Crawl Stone Soup version 0.31-a0-986-g5e6e4ef867 (webtiles) character file.

Game seed: 13503156591643082034

198 Dittersdorf the Covered (level 5, -8/34 HPs)
             Began as a Gargoyle Fighter on Nov 6, 2023.
             Killed from afar by Ijyb (17 damage)
             ... with a bolt of light
             ... on level 3 of the Dungeon.
             The game lasted 00:01:49 (2436 turns).

Dittersdorf the Covered (Gargoyle Fighter)          Turns: 2436, Time: 00:01:49

Health: -8/34      AC: 13    Str: 22    XL:     5   Next: 76%
Magic:  5/5        EV:  9    Int:  8    God:
Gold:   92         SH:  4    Dex:  9    Spells: 4/4 levels left

rFire   . . .        s - +0 morningstar
rCold   . . .        c - +0 buckler
rNeg    + . .        b - +0 scale mail
rPois   ∞            r - +1 hat
rElec   +            j - +0 cloak
rCorr   .            (no gloves)
SInv    .            (no boots)
Will    .....        (no amulet) Stlth
                     (no ring)
HPRegen 0.25/turn    (no ring)
MPRegen 0.09/turn

%: no passive effects
@: no status effects
A: sickness immunity, AC +4, negative energy resistance 1, electricity
resistance, torment resistance 1, petrification resistance
a: no special abilities


You were on level 3 of the Dungeon.
You visited 1 branch of the dungeon, and saw 3 of its levels.

You collected 92 gold pieces.

Inventory:

Hand Weapons
 s - a +0 morningstar (weapon)
Armour
 b - a +0 scale mail (worn)
 c - a +0 buckler (worn)
 j - a +0 cloak (worn)
 r - a +1 hat (worn)
Scrolls
 e - a scroll of silence {unknown}
 f - a scroll of revelation {unknown}
 g - 2 scrolls of enchant armour {unknown}
 h - 2 scrolls of identify {unknown}
 n - a scroll of teleportation {unknown}
 p - a scroll of vulnerability {unknown}
 q - a scroll of amnesia {unknown}
Potions
 d - a potion of might
 i - 2 potions of haste {unknown}
 k - a potion of curing {unknown}
 l - a potion of mutation {unknown}
 m - a potion of brilliance {unknown}
 o - a potion of heal wounds {unknown}


   Skills:
 + Level 4.4 Fighting
 + Level 3.3 Maces & Flails
 + Level 4.4 Armour
 + Level 4.4 Shields


You had 4 spell levels left.
You didn't know any spells.
Your spell library contained the following spells:

 Spells                   Type           Power      Damage    Failure   Level
 Necrotise                Necr           0%         1d4       80%         1
 Inner Flame              Hex/Fire       0%         N/A       99%         3
 Vampiric Draining        Necr           0%         2d6       99%         3
 Agony                    Necr           0%         N/A       100%        5
 Yara's Violent Unravell  Hex/Tmut       0%         3d3       100%        5
 Enfeeble                 Hex            0%         N/A       100%        7


Dungeon Overview and Level Annotations

Branches:
Dungeon (3/15)

Altars:

Annotations:
D:3 Ijyb


Innate Abilities, Weirdness & Mutations

You are immune to sickness and miasma.
Your stone body is resilient. (AC +4)
You are immune to poison.
You resist negative energy. (rN+)
You are resistant to electric shocks. (rElec)
You are resistant to unholy torment.
You are immune to petrification.


Message History

No target in view!
No target in view!
No target in view!
No target in view!
No target in view!
You see here a +0 morningstar.
s - a +0 morningstar
s - a +0 morningstar (weapon)
You drop a +0 flail.
h - 2 scrolls labelled CENOTUE QYITY (gained 1) Ijyb the Twisted Goblin comes into view.
She is wielding a +0 dagger and carrying a wand of light.
Ijyb shouts!
Ijyb zaps a wand.
The bolt of light hits you!
Ouch! That really hurt!
You are too injured to fight recklessly!
You are too injured to fight recklessly!
You are too injured to fight recklessly!
You are too injured to fight recklessly!
You are too injured to fight recklessly!
You are too injured to fight recklessly!
You are too injured to fight recklessly!
You are too injured to fight recklessly!
You are too injured to fight recklessly!
You are too injured to fight recklessly!
You are too injured to fight recklessly!
You are too injured to fight recklessly!
You are too injured to fight recklessly!
You are too injured to fight recklessly!
You are too injured to fight recklessly!
You are too injured to fight recklessly!
You are too injured to fight recklessly!
You are too injured to fight recklessly!
You are too injured to fight recklessly!
You are too injured to fight recklessly!
You are too injured to fight recklessly!
You closely miss Ijyb.
Ijyb zaps a wand.
The bolt of light hits you!
* * * LOW HITPOINT WARNING * * *
You closely miss Ijyb.
Ijyb zaps a wand.
The bolt of light hits you!
Ouch! That really hurt!
You die...

#................###
#.######.#..........
#.###.###.#.# #.#
#.###.#.#### #.#
#.##........ #.#
#.#.....#### #.#
#...........
#.###g#.....###.
#...@.##.......
#..######..#### #..#
..# #..# ...# #..#
#..# ...# .# ###.#
#.# #..


You could see Ijyb.

Vanquished Creatures
  Jessica (D:3)
  Natasha (thrice) (D:1)
  3 adders
  A worm (D:2)
  4 dart slugs
  An orc (D:3)
  6 ball pythons
  4 endoplasms
  3 giant cockroaches
  6 goblins
  7 hobgoblins
  6 kobolds
  2 quokkas
  5 bats
  4 frilled lizards
  3 rats
59 creatures vanquished.

Notes
Turn   | Place    | Note
-------+----------+-------------------------------------------
     0 | D:1      | Dittersdorf the Gargoyle Fighter began the quest for the
                  | Orb.
     0 | D:1      | Reached XP level 1. HP: 14/14 MP: 1/1
    78 | D:1      | Reached XP level 2. HP: 15/19 MP: 2/2
   512 | D:1      | Reached XP level 3. HP: 23/23 MP: 3/3
   991 | D:2      | Noticed Natasha
  1000 | D:1      | Killed Natasha
  1001 | D:1      | Reached XP level 4. HP: 24/29 MP: 4/4
  1045 | D:1      | Noticed Natasha
  1052 | D:1      | Killed Natasha
  1381 | D:1      | Noticed Natasha
  1395 | D:1      | Killed Natasha
  1711 | D:1      | Reached XP level 5. HP: 31/33 MP: 5/5
  2206 | D:3      | Noticed Jessica
  2208 | D:3      | Killed Jessica
  2432 | D:3      | Noticed Ijyb
  2436 | D:3      | Killed from afar by Ijyb

Illustrated notes

Levels and vault maps discovered:
D:1:      elethiomel_arrival_shortcut, layout_basic
D:2:      layout_rooms, uniq_natasha
D:3:      layout_loops_ring, chequers_ecumenical_altar_simple_redux,
          uniq_terence, uniq_ijyb, uniq_sigmund, uniq_jessica

Skill      XL: |  1  2  3  4  5 |
---------------+----------------+-----
Fighting       | 4 |  4.4
Armour         | 4 |  4.4
Shields        | 4 |  4.4
Maces & Flails | 3 |  3.3

Action                     |  1- 3 |  4- 6 || total
---------------------------+-------+-------++-------
  Melee: Flail             |    83 |   117 ||   200
         Morningstar       |       |     2 ||     2
 Armour: Scale mail        |    45 |   126 ||   171
  Dodge: Dodged            |    38 |    95 ||   133
  Block: Buckler           |    16 |    24 ||    40

Table legend: (Time is in decaauts)
 A = Elapsed time spent in this place.
 B = Non-inter-level travel time spent in this place.
 C = Inter-level travel time spent in this place.
 D = Time resting spent in this place.
 E = Time spent auto-exploring this place.
 F = Levels seen in this place.
 G = Mean time per level.
                   A        B        C        D        E       F      G
               +--------+--------+--------+--------+--------+-----+--------+
         Total |   2524 |   2373 |    151 |     47 |   1864 |   3 |  841.3 |
       Dungeon |   2524 |   2373 |    151 |     47 |   1864 |   3 |  841.3 |
               +--------+--------+--------+--------+--------+-----+--------+

Top non-repeatable levels by time:
     D:1: 1836 daAuts
     D:2: 429 daAuts
     D:3: 258 daAuts
